 Dungeon Crawl Stone Soup version 0.31.0-9-g3a7656b989 (webtiles) character file.

Game seed: 354494963926859532

434 Colgate the Poker (level 6, -3/43 (47) HPs)
             Began as a Demonspawn Cinder Acolyte on Jan 30, 2024.
             Was a High Priest of Ignis.
             Slain by a wight
             ... wielding a +4 scimitar
              (5 damage)
             ... on level 4 of the Dungeon.
             The game lasted 00:05:23 (3530 turns).

Colgate the Poker (Demonspawn Cinder Acolyte)       Turns: 3530, Time: 00:05:24

HP:   -3/43 (47)    AC: 14    Str: 16    XL:     6   Next: 67%
MP:   4/7           EV: 11    Int: 21    God:    Ignis [*****.]
Gold: 116           SH:  0    Dex:  8    Spells: 5/7 levels left

rFire   + . .        a - -1 spear (flame)
rCold   . . .        (no shield)
rNeg    . . .        b - +0 robe
rPois   .            (no helmet)
rElec   .            (no cloak)
rCorr   .            (no gloves)
SInv    .            (no boots)
Will    .....        (no amulet)
Stlth   +            p - +6 ring of intelligence
HPRegen 0.27/turn    (no ring)
MPRegen 0.10/turn

%: no passive effects
@: confused, sanguine armoured, drained
A: sanguine armour 3
a: Renounce Religion, Fiery Armour, Foxfire Swarm, Rising Flame


You were on level 4 of the Dungeon.
You worshipped Ignis.
Ignis was extremely pleased with you.
You visited 1 branch of the dungeon, and saw 4 of its levels.

You collected 116 gold pieces.

Inventory:

Hand Weapons
 a - a -1 spear of flaming (weapon)
Armour
 b - a +0 robe (worn)
Jewellery
 p - a +6 ring of intelligence (left hand)
Wands
 h - a wand of paralysis (7)
 l - a wand of flame (15)
Scrolls
 d - a scroll of enchant weapon {unknown}
 j - a scroll of noise {unknown}
 k - a scroll of revelation {unknown}
Potions
 c - a potion of curing {unknown}
 e - a potion of attraction {unknown}
 f - 2 potions of magic {unknown}
 g - a potion of invisibility {unknown}
 i - a potion of ambrosia {unknown}
 m - 4 potions of heal wounds {unknown}
 n - 2 potions of resistance {unknown}
 o - a potion of haste {unknown}


   Skills:
 - Level 3.0 Fighting
 - Level 5.2 Polearms
 - Level 1.0 Spellcasting
 + Level 5.2 Fire Magic


You had 5 spell levels left.
You knew the following spells:

 Your Spells              Type           Power      Damage    Failure   Level
a - Scorch                Fire           46%        2d6       3%          2

Your spell library contained the following spells:

 Spells                   Type           Power      Damage    Failure   Level
 Call Canine Familiar     Summ           1%         N/A       43%         3
 Sigil of Binding         Hex            1%         N/A       43%         3
 Flame Wave               Conj/Fire      12%        2d6       50%         4
 Dimensional Bullseye     Hex/Tloc       0%         N/A       85%         4
 Summon Cactus Giant      Summ           0%         N/A       100%        6


Dungeon Overview and Level Annotations

Branches:
Dungeon (4/15)
 Temple: D:4-7

Altars:

Annotations:
D:3 3 runed translucent doors, Valeaz's ghost, amateur GnAE


Innate Abilities, Weirdness & Mutations

When seriously injured, your blood forms very thick armour. (AC +12)


Message History

Unknown command.
You don't have enough magic to cast this spell.
Unknown command.
You don't have enough magic to cast this spell.
Unknown command.
Unknown command.
You don't have enough magic to cast this spell.
Unknown command.
You don't have enough magic to cast this spell.
A wight comes into view. It is wielding a +2 trident.
An orc wizard comes into view. It is wielding a +0 dagger.
A wight comes into view. It is wielding a +4 scimitar.
A wight comes into view. It is wielding a +0 flail.
The orc wizard casts a spell at you. You resist with some effort.
The wight closely misses you. The wight closely misses you.
The orc wizard barely misses you. The wight attacks as it pursues you!
The wight hits you from afar with a +2 trident.
You feel drained.
You hit the orc wizard but do no damage.
The orc wizard hits you but does no damage.
The wight hits you from afar with a +2 trident.
You hit the orc wizard. You burn the orc wizard.
The orc wizard points at you and mumbles some strange words.
You are confused.
The wight barely misses you. The wight hits you with a +4 scimitar.
You feel drained.
You miss the orc wizard. The orc barely misses you.
The jackal bites you but does no damage.
The orc wizard barely misses you. The wight closely misses you.
The wight hits you with a +4 scimitar!
* * * LOW HITPOINT WARNING * * *
You miss the orc wizard. The jackal closely misses you.
The jackal bites you but does no damage.
The orc hits you but does no damage. The wight hits you but does no damage.
The orc wizard hits you but does no damage.
You closely miss the jackal.
The jackal bites you but does no damage.
The wight hits you with a +4 scimitar.
You die...

.###..††..## ####.##### # ##
###..#..#### #.# ##########
#####..#.#..####.#####.........
##~######~##........)...#####...
#~~††~~#~~~#<.)##.####### #...
#~~~#~~#~~~#...>#.##########...#
##~##~~##~###...#.##.........#.#
#~#~~~~#~###.o.h..............#
#†#~.~~#~#....@z......###...###
##~##~~##~##..#ho###......[##
#~~~####†~~##.#zz......##
##~~~~†~~~~~#......#.....#####
.##~######~##..#.......z.....## #
..##########(.|....##...####z.###
....##....[......#..##### ##....
..............#..#...### ##.h.
.######.###.###..###)..# ##.##


You could see 4 wights, an orc wizard, an orc and 2 jackals.

Vanquished Creatures
  A wight (D:4)
  A howler monkey (D:3)
  A bombardier beetle (D:3)
  3 hounds (D:4)
  8 gnolls
  6 adders
  A ribbon worm (D:4)
  2 dart slugs
  3 orcs (D:4)
  4 ball pythons (D:1)
  6 bats
  11 endoplasms
  4 giant cockroaches
  4 goblins
  10 hobgoblins
  4 jackals
  4 quokkas
  4 frilled lizards
  7 kobolds
  6 rats
90 creatures vanquished.

Notes
Turn   | Place    | Note
-------+----------+-------------------------------------------
     0 | D:1      | Colgate the Demonspawn Cinder Acolyte began the quest for
                  | the Orb.
     0 | D:1      | Reached XP level 1. HP: 18/18 MP: 2/2
    76 | D:1      | Gained mutation: When seriously injured, your blood forms
                  | armour. (AC +12) [demonic ancestry]
    76 | D:1      | Reached XP level 2. HP: 13/24 MP: 3/3
   447 | D:1      | Gained mutation: When seriously injured, your blood forms
                  | thick armour. (AC +12) [demonic ancestry]
   447 | D:1      | Reached XP level 3. HP: 29/29 MP: 4/4
   450 | D:1      | Learned a level 2 spell: Scorch
  1315 | D:2      | Reached XP level 4. HP: 28/35 MP: 0/5
  2057 | D:2      | Found a faded altar of an unknown god.
  2286 | D:3      | Reached skill level 5 in Polearms
  2286 | D:3      | Gained mutation: When seriously injured, your blood forms
                  | very thick armour. (AC +12) [demonic ancestry]
  2286 | D:3      | Reached XP level 5. HP: 40/41 MP: 6/6
  2547 | D:3      | Found a runed translucent gate.
  2547 | D:3      | Found a runed translucent gate.
  2547 | D:3      | Found a runed translucent gate.
  2547 | D:3      | Noticed Valeaz's ghost (amateur GnAE)
  3029 | D:3      | Reached XP level 6. HP: 21/47 MP: 7/7
  3501 | D:4      | Reached skill level 5 in Fire Magic
  3528 | D:4      | HP: 2/43 [wight/+4 scimitar (14)]
  3530 | D:4      | Slain by a wight

Illustrated notes

Levels and vault maps discovered:
D:1:      lemuel_arrival_broad_hall, layout_basic, serial_rivers,
          chequers_serial_rivers_micro_d, chequers_serial_rivers_small_a,
          chequers_serial_rivers_small_b, chequers_serial_rivers_micro_a,
          chequers_serial_rivers_micro_d
D:2:      layout_loops_ring, shapermc_ecumenical_altar_hornbeckon
D:3:      layout_rooms, gammafunk_ghost_nasty_kobolds
D:4:      layout_rooms, gup_sewer_entry_bubbles, dreamdust_gnoll_farm

Skill      XL: |  1  2  3  4  5  6 |
---------------+-------------------+-----
Polearms       | 3 4 5 |  5.2
Fire Magic     | 4 5 |  5.2
Fighting       | |  3.0
Spellcasting   | |  1.0

Action                     |  1- 3 |  4- 6 || total
---------------------------+-------+-------++-------
  Melee: Spear             |   125 |   170 ||   295
         Punch             |     2 |       ||     2
   Cast: Scorch            |     7 |    27 ||    34
 Invoke: Fiery Armour      |     1 |     2 ||     3
   Stab: Sleeping          |     1 |     1 ||     2
 Armour: Robe              |    67 |   115 ||   182
  Dodge: Dodged            |    68 |   116 ||   184
